 Dungeon Crawl Stone Soup version 0.29-a0-716-gf28ee254f9 (webtiles) character file.

Game seed: 7572198212642020944

905 Ourus the Sneak (level 8, -23/36 HPs)
             Began as a Vine Stalker Enchanter on June 26, 2022.
             Was a Believer of Qazlal.
             Annihilated by an ogre
             ... wielding a +0 giant spiked club
              (29 damage)
             ... on level 5 of the Dungeon.
             The game lasted 00:56:29 (4939 turns).

Ourus the Sneak (Vine Stalker Enchanter)            Turns: 4939, Time: 00:56:30

Health: -23/36     AC:  7    Str: 11    XL:     8   Next: 8%
Magic:  0/15       EV: 12    Int: 17    God:    Qazlal [**....]
Gold:   351        SH:  2    Dex: 15    Spells: 7/15 levels left

rFire   . . .      SeeInvis .   v - +2 club (spect)
rCold   . . .      Faith    .   (no shield)
rNeg    . . .      Spirit   +   n - +0 leather armour
rPois   +          Reflect  .   x - +0 helmet
rElec   .          Harm     .   k - scarf {shadows}
rCorr   .          Rampage  .   y - +2 pair of gloves
Will    ++...                   (no boots)
Stlth   +++.......              (no amulet)
HPRegen 0.92/turn               u - ring of willpower
MPRegen 0.14/turn               B - ring of poison resistance

@: on berserk cooldown, slowed, very slow
A: fangs 3, regeneration 1, magic shield, antimagic bite, no potion heal 2
a: Renounce Religion, Upheaval


You were on level 5 of the Dungeon.
You worshipped Qazlal.
Qazlal was pleased with you.
You visited 1 branch of the dungeon, and saw 5 of its levels.

You collected 351 gold pieces.

Inventory:

Hand Weapons
 a - a +1 dagger
 e - a +2 short sword of venom
 l - a +2 dire flail of holy wrath
 v - a +2 spectral club (weapon)
 A - a +2 falchion of electrocution
Missiles
 c - a throwing net
 z - 10 poisoned darts
 C - 5 boomerangs (quivered)
Armour
 b - a +0 robe
 k - a scarf of shadows (worn)
 n - a +0 leather armour (worn)
 x - a +0 helmet (worn)
 y - a +2 pair of gloves (worn)
Magical Staves
 t - a staff of poison
Jewellery
 g - a ring of fire
 u - a ring of willpower (left hand)
 B - a ring of poison resistance (right hand)
Wands
 f - a wand of flame (8)
Scrolls
 d - a scroll of enchant armour
 j - 2 scrolls of vulnerability
 q - a scroll of brand weapon {unknown}
 s - a scroll of silence {unknown}
Potions
 h - a potion of attraction
 i - a potion of brilliance
 m - a potion of resistance
 o - a potion of haste
 p - a potion of degeneration {unknown}
 r - 4 potions of curing


   Skills:
 + Level 3.5 Short Blades
 + Level 3.6 Dodging
 + Level 6.4 Stealth
 + Level 4.4 Spellcasting
 + Level 4.9 Hexes


You had 7 spell levels left.
You knew the following spells:

 Your Spells              Type           Power      Damage    Failure   Level
a - Ensorcelled Hibernat  Hex/Ice        24%        N/A       11%         2
b - Tukima's Dance        Hex            20%        N/A       8%          3
c - Confusing Touch       Hex            20%        N/A       8%          3

Your spell library contained the following spells:

 Spells                   Type           Power      Damage    Failure   Level
 Dazzling Flash           Conj/Hex       24%        N/A       22%         3
 Blink                    Tloc           6%         N/A       30%         2
 Lesser Beckoning         Tloc           3%         N/A       52%         3
 Manifold Assault         Tloc           3%         N/A       99%         5


Dungeon Overview and Level Annotations

Branches:
Dungeon (5/15)
 Temple: D:4-7

Altars:
Dithmenos
Makhleb
Qazlal

Shops:
D:4 (


Innate Abilities, Weirdness & Mutations

You have razor-sharp teeth.
Your natural rate of healing is unusually fast.
When hurt, damage is shared between your health and your magic reserves.
Your bite disrupts and absorbs the magic of your enemies.
Potions cannot restore your health.


Message History

The orc hits you with a +0 club.
You hit the orc.
The orc is lightly wounded.
Your +2 spectral club hits the orc.
A gnoll comes into view. It is wielding a +0 club.
The orc closely misses you.
You hit the orc.
You kill the orc!
Qazlal accepts your kill.
You hit the ogre. You bite the ogre! You drain its power.
You feel invigorated.
The ogre is moderately wounded.
Your +2 spectral club hits the ogre!
The ogre hits your +2 spectral club with a +0 giant spiked club!
Your spectral weapon shares its damage with you!
You hit the ogre but do no damage.
The ogre is severely wounded.
Your +2 spectral club hits the ogre.
A gnoll comes into view. It is wielding a +0 flail.
The ogre hits you with a +0 giant spiked club!!
Ouch! That really hurt!
* * * LOW HITPOINT WARNING * * *
The gnoll moves out of view.
It was a potion of berserk rage.
A red film seems to cover your vision as you go berserk!
You feel yourself moving faster!
You feel mighty! The ogre barely misses you.
Unknown command.
You feel a strong urge to attack something.
Found a potion of haste.
You feel your anger nearly subside.
You are no longer berserk.
You are exhausted.
You feel yourself slow down.
You see here a potion of haste.
o - a potion of haste The ogre hits you with a +0 giant spiked club!
* * * LOW HITPOINT WARNING * * *
The ogre attacks as you move away! The ogre barely misses you.
The ogre hits you with a +0 giant spiked club!!
Ouch! That really hurt!
You die...

#O# ... #...#.... #.#
#.# #####
#)#####.####...# #
#..............# .#
###...#.##### .#..#
#.........# .#..# ####
#.........# ....# #...
#........○##....# #.##
#.....##.gO@....# #.#
#...####.#####..# #.##
##.#)..#.# ##..# #.#.
#.##..... ...# #.#. #.#
#.##.#####.#########(#.
#.# #.#
......>..........#. #.#
#.# ###.......########.
#.# .# #.......# #.
#.###.# #.......# #.


You could see an ogre and a gnoll.

Vanquished Creatures
  Eustachio (D:4)
  Edmund (D:4)
  An ogre (D:5)
  2 scorpions (D:4)
  A jelly (D:4)
  2 orc priests (D:5)
  Jessica (D:3)
  A gnoll shaman (D:5)
  Ijyb (D:4)
  An orc wizard (D:5)
  An iguana (D:5)
  Robin (D:4)
  7 gnolls
  4 adders
  3 dart slugs
  14 orcs
  4 ball pythons
  6 bats
  13 endoplasms
  2 giant cockroaches (D:1)
  13 goblins
  12 hobgoblins
  3 jackals (D:3)
  4 quokkas
  A frilled lizard (D:1)
  7 kobolds
  2 rats (D:2)
109 creatures vanquished.

Notes
Turn   | Place    | Note
-------+----------+-------------------------------------------
     0 | D:1      | Ourus the Vine Stalker Enchanter began the quest for the
                  | Orb.
     0 | D:1      | Reached XP level 1. HP: 9/9 MP: 4/4
    25 | D:1      | Reached skill level 1 in Short Blades
    79 | D:1      | Reached XP level 2. HP: 9/13 MP: 6/6
   428 | D:1      | Learned a level 2 spell: Ensorcelled Hibernation
   733 | D:1      | Reached skill level 4 in Stealth
   733 | D:1      | Reached XP level 3. HP: 13/16 MP: 7/7
   779 | D:1      | Learned a level 3 spell: Tukima's Dance
  1065 | D:2      | Found a stormy altar of Qazlal.
  1095 | D:2      | Became a worshipper of Qazlal Stormbringer
  1101 | D:2      | Found a faded altar of an unknown god.
  1246 | D:3      | Noticed Jessica
  1256 | D:3      | Killed Jessica
  1257 | D:3      | Gained mutation: Your natural rate of healing is unusually
                  | fast. [Vine Stalker growth]
  1257 | D:3      | Reached XP level 4. HP: 21/21 MP: 0/9
  1375 | D:3      | Found a shadowy altar of Dithmenos.
  2393 | D:4      | Noticed Ijyb
  2396 | D:4      | Noticed Eustachio
  2452 | D:4      | Noticed a scorpion
  2456 | D:4      | Killed a scorpion
  2457 | D:4      | Reached XP level 5. HP: 19/24 MP: 8/10
  2461 | D:4      | Learned a level 3 spell: Confusing Touch
  2527 | D:4      | Killed Ijyb
  2562 | D:4      | Found a burning altar of Makhleb.
  2597 | D:4      | Reached * piety under Qazlal
  2598 | D:4      | Reached skill level 5 in Stealth
  2598 | D:4      | Reached XP level 6. HP: 26/28 MP: 7/11
  2998 | D:4      | Found Lashret's Weapon Shop.
  3037 | D:4      | Noticed Edmund
  3172 | D:4      | Killed Edmund
  3173 | D:4      | Reached XP level 7. HP: 32/32 MP: 13/13
  3328 | D:4      | Noticed Robin
  3333 | D:4      | Killed Robin
  3340 | D:4      | Killed Eustachio
  3596 | D:4      | Reached ** piety under Qazlal
  3924 | D:5      | Entered Level 5 of the Dungeon
  3956 | D:5      | Reached skill level 6 in Stealth
  4180 | D:5      | Found a stormy altar of Qazlal.
  4610 | D:5      | Gained mutation: You have razor-sharp teeth. [Vine Stalker
                  | growth]
  4610 | D:5      | Reached XP level 8. HP: 29/36 MP: 9/15
  4939 | D:5      | Annihilated by an ogre

Illustrated notes

Levels and vault maps discovered:
D:1:      matt_arrival_grand_opening, layout_rooms
D:2:      layout_basic, basic_altar, hellmonk_ecumenical_altar_crossroads
D:3:      layout_loops_corners, nicolae_dithmenos_the_darkroom, uniq_jessica
D:4:      minmay_thinvault, layout_basic, lemuel_doored_altar, serial_shops,
          nicolae_shop_statue_plus, corexii_leaking_fountain, uniq_edmund,
          uniq_eustachio, uniq_ijyb, uniq_robin
D:5:      layout_basic, nicolae_qazlal_general_emergency

Skill      XL: |  1  2  3  4  5  6  7 |
---------------+----------------------+-----
Short Blades   | 1 2 3 |  3.5
Stealth        | 4 5 6 |  6.4
Dodging        | 2 3 |  3.6
Spellcasting   | 3 4 |  4.4
Hexes          | 4 |  4.9

Action                   |  1- 3 |  4- 6 |  7- 9 || total
-------------------------+-------+-------+-------++-------
Melee: Dagger            |    69 |    77 |       ||   146
       Bite              |    14 |    32 |    38 ||    84
       Punch             |     1 |     2 |     2 ||     5
       Club              |       |    40 |   113 ||   153
 Cast: Ensorcelled Hiber |     5 |     5 |     1 ||    11
       Tukima's Dance    |     1 |       |     1 ||     2
       Confusing Touch   |       |     1 |     1 ||     2
  Use: Scroll            |     4 |     4 |     1 ||     9
       Potion            |     1 |     1 |     3 ||     5
 Stab: Sleeping          |    12 |     7 |       ||    19
       Confused          |       |       |     1 ||     1
       Invisible         |       |       |     1 ||     1
Armor: Robe              |    10 |    10 |       ||    20
       Leather armour    |       |    12 |    36 ||    48
Dodge: Dodged            |    34 |    59 |    79 ||   172
Block: Other             |       |     3 |     7 ||    10

Table legend: (Time is in decaauts)
 A = Elapsed time spent in this place.
 B = Non-inter-level travel time spent in this place.
 C = Inter-level travel time spent in this place.
 D = Time resting spent in this place.
 E = Time spent auto-exploring this place.
 F = Levels seen in this place.
 G = Mean time per level.
                   A        B        C        D        E       F      G
               +--------+--------+--------+--------+--------+-----+--------+
         Total |   4972 |   4972 |      0 |    756 |    901 |   5 |  994.4 |
       Dungeon |   4972 |   4972 |      0 |    756 |    901 |   5 |  994.4 |
               +--------+--------+--------+--------+--------+-----+--------+

Top non-repeatable levels by time:
     D:4: 1591 daAuts
     D:3: 1099 daAuts
     D:5: 1042 daAuts
     D:1: 968 daAuts
     D:2: 269 daAuts
